 Dungeon Crawl Stone Soup version 0.22-a0-617-g6d95e9e (webtiles) character file.

268 Ethylacetat the Chopper (level 6, -6/57 HPs)
             Began as a Naga Fighter on July 13, 2018.
             Mangled by an ogre
             ... wielding a +0 giant spiked club
              (11 damage)
             ... on level 4 of the Dungeon.
             The game lasted 00:11:08 (3044 turns).

Ethylacetat the Chopper (Naga Fighter)              Turns: 3044, Time: 00:11:09

Health: -6/57      AC:  6    Str: 20    XL:     6   Next: 21%
Magic:  6/6        EV:  9    Int:  9    God:
Gold:   90         SH:  0    Dex: 10    Spells: 5/5 levels left

rFire    . . .     SeeInvis +   a - +0 war axe
rCold    . . .     Gourm    .   (no shield)
rNeg     . . .     Faith    .   c - +3 leather armour
rPois    +         Spirit   .   (no helmet)
rElec    .         Reflect  .   (no cloak)
rCorr    .         Harm     .   (no gloves)
MR       .....                  (no barding)
Stlth    +.........             (no amulet)
HPRegen  0.19/turn              (no ring)
MPRegen  0.10/turn              (no ring)

@: very slow
A: large, see invisible, deformed body, poison resistance, slowness 2, slow
metabolism 1, spit poison 1, AC +2
a: Spit Poison


You were on level 4 of the Dungeon.
You were hungry.

You visited 1 branch of the dungeon, and saw 4 of its levels.

You collected 90 gold pieces.

Inventory:

Hand Weapons
 a - a +0 war axe (weapon)
 p - a +0 hunting sling
Missiles
 q - 46 stones (quivered)
Armour
 c - a +3 leather armour (worn)
Wands
 k - a wand of polymorph (7)
 m - a wand of acid (13)
Scrolls
 g - 2 scrolls of teleportation {unknown}
 h - 6 scrolls of identify {unknown}
 l - 2 scrolls of remove curse {unknown}
 o - a scroll of blinking {unknown}
Potions
 d - 2 potions of might
 e - a potion of flight {unknown}
 i - 2 potions of magic {unknown}
 j - 2 potions of agility {unknown}
 n - a potion of mutation {unknown}
 r - 2 potions of heal wounds {unknown}
Comestibles
 f - 4 rations


   Skills:
 + Level 3.8 Fighting
 * Level 4.3 Axes
 - Level 3.6 Armour
 - Level 1.0 Dodging
 - Level 0.9 Stealth
   Level 2.4 Shields
 - Level 0.1 Unarmed Combat


You had 5 spell levels left.
You didn't know any spells.
Your spell library was empty.

Dungeon Overview and Level Annotations

Branches:
Dungeon (4/15)
 Temple: D:4-7

Altars:
Kikubaaqudgha
Makhleb
Wu Jian


Innate Abilities, Weirdness & Mutations

You cannot wear boots.
Your serpentine skin is tough. (AC +2)
You have supernaturally acute eyesight. (SInv)
Armour fits poorly on your strangely shaped body.
Your system is resistant to poisons. (rPois)
You cover ground very slowly.
You have a slow metabolism.
You can spit poison.


Message History

There is a stone staircase leading up here.
You feel better.
You hit the ogre.
The ogre is severely wounded.
The ogre misses you.
You barely miss the ogre.
The ogre is severely wounded.
The ogre hits you with a giant spiked club!
* * * LOW HITPOINT WARNING * * *
You barely miss the ogre.
The ogre is severely wounded.
The ogre barely misses you.
You barely miss the ogre.
The ogre is severely wounded.
The ogre hits you with a giant spiked club.
* * * LOW HITPOINT WARNING * * *
You hit the ogre.
The ogre is almost dead.
The ogre hits you with a giant spiked club!
You die...

# .# #.## #
#...##
#..####.....##
#....@OS......
#.#####)....##
#>..## .(.#
#..# #.# ..#
..


You could see an ogre and an adder.

Vanquished Creatures
  Ijyb (D:3)
  Jessica (D:3)
  Natasha (thrice) (D:3)
  An orc wizard (D:3)
  4 adders
  2 worms (D:2)
  2 dart slugs (D:1)
  A leopard gecko (D:1)
  4 orcs
  2 ball pythons
  5 bats (D:1)
  6 hobgoblins
  5 jackals (D:1)
  9 kobolds
  A quokka (D:3)
  2 frilled lizards
  13 goblins
  5 rats
67 creatures vanquished.

Vanquished Creatures (others)
  A human (D:3)
1 creature vanquished.

Grand Total: 68 creatures vanquished

Notes
Turn   | Place    | Note
-------+----------+-------------------------------------------
     0 | D:1      | Ethylacetat the Naga Fighter began the quest for the Orb.
     0 | D:1      | Reached XP level 1. HP: 21/21 MP: 1/1
     0 | D:1      | Noticed a minotaur zombie
     8 | D:1      | Noticed a naga
    12 | D:1      | Noticed a naga
    14 | D:1      | Noticed a formicid
    16 | D:1      | Noticed a minotaur zombie
    16 | D:1      | Noticed an octopode
   243 | D:1      | Reached XP level 2. HP: 28/28 MP: 2/2
   449 | D:1      | Reached XP level 3. HP: 27/34 MP: 3/3
   879 | D:2      | Reached XP level 4. HP: 6/42 MP: 4/4
  1385 | D:2      | Found a burning altar of Makhleb.
  1385 | D:2      | Noticed a blizzard demon
  1388 | D:2      | Noticed a ynoxinul
  1388 | D:2      | Noticed a neqoxec
  1808 | D:3      | Found an ancient bone altar of Kikubaaqudgha.
  1843 | D:3      | Noticed Jessica
  1850 | D:3      | Killed Jessica
  1850 | D:3      | Reached skill level 3 in Axes
  2009 | D:3      | Reached XP level 5. HP: 49/49 MP: 5/5
  2270 | D:3      | Noticed Ijyb
  2303 | D:3      | Killed Ijyb
  2328 | D:3      | Found an ornate altar of the Wu Jian Council.
  2571 | D:3      | Noticed a human
  2571 | D:3      | Killed a human
  2593 | D:3      | Noticed Natasha
  2606 | D:3      | Killed Natasha
  2606 | D:3      | Reached skill level 4 in Axes
  2606 | D:3      | Reached skill level 1 in Dodging
  2625 | D:3      | Noticed Natasha
  2630 | D:3      | Killed Natasha
  2630 | D:3      | Reached XP level 6. HP: 14/57 MP: 6/6
  2921 | D:3      | Noticed Natasha
  2928 | D:3      | Killed Natasha
  3037 | D:4      | HP: 2/57 [adder (1)]
  3044 | D:4      | Mangled by an ogre

Vault maps used:
D:1:      shiori_arrival_whats_in_store_for_you
D:2:      makhleb_altar_promises_db
D:3:      lemuel_crystal_altar, first_ration, tgw_kikubaaqudgha, uniq_natasha,
          uniq_ijyb, uniq_jessica
D:4:      serial_shops, nicolae_shop_waterfront

Skill      XL: |  1  2  3  4  5 |
---------------+----------------+-----
Armour         | 3 |  3.6
Axes           | 3 4 |  4.3
Dodging        | 1 |  1.0
Fighting       | |  3.8
Stealth        | |  0.9
Shields        | |  2.4
Unarmed Combat | |  0.1

Action                   |  1- 3 |  4- 6 || total
-------------------------+-------+-------++-------
Melee: War axe           |   101 |   131 ||   232
       Unarmed           |       |    25 ||    25
 Abil: Spit Poison       |       |     2 ||     2
  Use: Potion            |       |     2 ||     2
 Stab: Sleeping          |       |     1 ||     1
  Eat: Chunk             |       |     5 ||     5
Armor: Scale mail        |    64 |    15 ||    79
       Leather armour    |       |    41 ||    41
Dodge: Dodged            |    47 |    69 ||   116

Table legend:
 A = Spawn XP
 B = Non-spawn XP
 C = Spawn XP percentage of total XP
 D = Spawn monster count
 E = Non-spawn monster count
 F = Spawn count percentage of total count
 G = Total turns spent on level
                    A         B        C        D         E        F      G
               +---------+---------+-------+---------+---------+-------+---------
         Total |       0 |     383 |   0.0 |       0 |      67 |   0.0 |  3044
               +---------+---------+-------+---------+---------+-------+---------
           D:1 |       0 |      51 |   0.0 |       0 |      27 |   0.0 |   913
           D:2 |       0 |      61 |   0.0 |       0 |      18 |   0.0 |   874
           D:3 |       0 |     268 |   0.0 |       0 |      21 |   0.0 |  1242
           D:4 |       0 |       3 |   0.0 |       0 |       1 |   0.0 |    15
               +---------+---------+-------+---------+---------+-------+---------
